 Dungeon Crawl Stone Soup version 0.29-a0-321-gf1c400731a (webtiles) character file.

Game seed: 9892661209918561269

377 experimilk the Chopper (level 6, -5/50 HPs)
             Began as a Palentonga Fighter on Apr 4, 2022.
             Killed by divine providence
             ... invoked by an orc priest
              (13 damage)
             ... on level 5 of the Dungeon on Apr 5, 2022.
             The game lasted 00:08:42 (4775 turns).

experimilk the Chopper (Palentonga Fighter)         Turns: 4775, Time: 00:08:42

Health: -5/50      AC: 10    Str: 21    XL:     6   Next: 45%
Magic:  15/15      EV:  1    Int:  8    God:
Gold:   125        SH: 11    Dex: 10    Spells: 5/5 levels left

rFire   + . .      SeeInvis +   a - +0 war axe
rCold   . . .      Faith    .   f - +0 tower shield
rNeg    . . .      Spirit   .   e - +0 plate armour
rPois   +          Reflect  .   (no helmet)
rElec   .          Harm     .   t - +0 cloak
rCorr   .          Rampage  .   (no gloves)
Will    .....                   (no barding)
Stlth   ..........              (no amulet)
HPRegen 0.16/turn               n - ring of poison resistance
MPRegen 0.14/turn               u - ring of Yvael {rF+ MP+9}

@: no status effects
A: large, rugged brown scales 3, see invisible, deformed body, roll 1, armoured
tail
a: Rolling Charge


You were on level 5 of the Dungeon.
You visited 1 branch of the dungeon, and saw 5 of its levels.

You collected 203 gold pieces.
You spent 78 gold pieces at shops.

Inventory:

Hand Weapons
 a - a +0 war axe (weapon)
 s - a +0 war axe
Missiles
 j - 2 datura-tipped darts
 q - 7 poisoned darts
 x - 5 javelins (quivered)
Armour
 b - a +0 scale mail
 c - a +0 buckler
 e - a +0 plate armour (worn)
 f - a +0 tower shield (worn)
 t - a +0 cloak (worn)
Jewellery
 n - a ring of poison resistance (left hand)
 p - a ring of flight
 u - the ring of Yvael (right hand) {rF+ MP+9}
   (You found it on level 3 of the Dungeon)

   [ring of protection from fire]

   rF:        It protects you from fire.
   MP:        It affects your magic capacity (+9).
 w - a +4 ring of slaying
Wands
 y - a wand of polymorph (13)
Scrolls
 d - a scroll of fear
 g - 2 scrolls of teleportation
 h - a scroll of immolation {unknown}
 k - a scroll of blinking {unknown}
 l - a scroll of identify {unknown}
Potions
 i - a potion of might
 m - 2 potions of brilliance {unknown}
 o - a potion of curing
 r - a potion of magic {unknown}
 v - a potion of haste {unknown}


   Skills:
 + Level 3.3 Fighting
 * Level 6.4 Axes
 + Level 2.7 Armour
 + Level 2.7 Shields


You had 5 spell levels left.
You didn't know any spells.
Your spell library contained the following spells:

 Spells                   Type           Power      Damage    Failure   Level
 Blink                    Tloc           0%         N/A       100%        2
 Manifold Assault         Tloc           0%         N/A       100%        5
 Storm Form               Tmut/Air       0%         N/A       100%        7


Dungeon Overview and Level Annotations

Branches:
Dungeon (5/15)
 Temple: D:4-7

Altars:
Ashenzari
Fedhas
Sif Muna
Vehumet

Shops:
D:2 !   D:3 (


Innate Abilities, Weirdness & Mutations

You are completely covered in rugged brown scales. (AC +3, +7% HP)
You have supernaturally acute eyesight. (SInv)
Armour fits poorly on your strangely shaped body.
You can roll at nearby foes to attack.
You have a long armoured tail.


Message History

You hit the orc. You tail-slap the orc.
The orc is almost dead.
The orc hits you but does no damage.
You slash the orc!
You kill the orc!
You slash the orc!
You kill the orc!
The orc priest calls down the wrath of Beogh upon you.
Pain shoots through your body!
You closely miss the orc. You block the orc's attack.
A shadow imp comes into view.
Unknown command.
You slash the orc! You tail-slap the orc.
You kill the orc!
Unknown command.
You closely miss the orc priest.
Your tail-slap misses the orc priest.
The orc priest hits you with a +0 dagger.
You closely miss the orc priest.
The orc priest hits you with a +0 dagger. x2
You barely miss the orc priest.
Your tail-slap misses the orc priest.
The orc priest hits you but does no damage.
You closely miss the orc priest. You hit the shadow imp.
The shadow imp gestures at you. Pain shoots through your body!
* * * LOW HITPOINT WARNING * * *
The orc priest hits you but does no damage.
The orc priest hits you with a +0 dagger.
* * * LOW HITPOINT WARNING * * *
The shadow imp hits you but does no damage.
You barely miss the orc priest. You slash the shadow imp!
You kill the shadow imp!
The orc priest hits you with a +0 dagger.
* * * LOW HITPOINT WARNING * * *
Unknown command.
You slash the orc priest!
The orc priest is severely wounded.
The orc priest hits you but does no damage.
The orc priest invokes the aid of Beogh against you.
Beogh smites you!
You die...

......... ...
#.......# ....
#.......# #....
#.......####.....
#................
#................
#.............###
#.......#o)......
#########@#######
#)# #.# #)# #)#
#.# #.# #.# #.#


You could see an orc priest.

Vanquished Creatures
  An orc priest (D:4)
  Terence (D:2)
  An iguana (D:4)
  2 orc wizards (D:4)
  Robin (D:4)
  4 gnolls (D:5)
  6 adders
  A shadow imp (D:5)
  An ufetubus (D:4)
  2 worms
  2 dart slugs
  13 orcs
  7 bats
  6 endoplasms
  3 giant cockroaches
  12 goblins
  11 hobgoblins
  12 jackals
  3 quokkas
  5 ball pythons
  4 frilled lizards
  4 kobolds
  4 rats
106 creatures vanquished.

Notes
Turn   | Place    | Note
-------+----------+-------------------------------------------
     0 | D:1      | experimilk the Palentonga Fighter began the quest for the
                  | Orb.
     0 | D:1      | Reached XP level 1. HP: 19/19 MP: 1/1
   654 | D:1      | Reached XP level 2. HP: 24/25 MP: 2/2
   814 | D:1      | Reached skill level 3 in Axes
  1228 | D:2      | Reached XP level 3. HP: 30/31 MP: 3/3
  1498 | D:2      | Reached skill level 4 in Axes
  2120 | D:2      | Reached XP level 4. HP: 37/37 MP: 4/4
  2294 | D:2      | Noticed Terence
  2305 | D:2      | Killed Terence
  2609 | D:2      | Reached skill level 5 in Axes
  2615 | D:2      | Found Edekhlu's Distillery.
  2624 | D:2      | Found a radiant altar of Vehumet.
  2877 | D:2      | Bought a potion of berserk rage for 65 gold pieces
  2877 | D:2      | Bought a potion of degeneration for 13 gold pieces
  2911 | D:3      | Reached XP level 5. HP: 34/43 MP: 5/5
  3005 | D:3      | Identified the ring of Yvael {rF+ MP+9}
  3313 | D:3      | Found a shimmering blue altar of Sif Muna.
  3406 | D:3      | Found Eleefach's Weapon Shoppe.
  3468 | D:3      | Found a faded altar of an unknown god.
  3559 | D:4      | Identified the +1 dagger "Jelly's Nightmare" {speed, *Slow
                  | rElec Int+5}
  3569 | D:4      | Found a broken altar of Ashenzari.
  3610 | D:4      | Noticed Robin
  3619 | D:4      | Killed Robin
  3629 | D:4      | Reached skill level 6 in Axes
  3845 | D:4      | Found a blossoming altar of Fedhas.
  4174 | D:4      | Reached XP level 6. HP: 45/50 MP: 6/6
  4502 | D:5      | Entered Level 5 of the Dungeon
  4775 | D:5      | Killed from afar by an orc priest

Illustrated notes

Levels and vault maps discovered:
D:1:      wander_arrival_desolate, layout_basic
D:2:      kb_forest_paths, layout_basic, basic_altar, serial_shops,
          nicolae_shop_trees, uniq_terence
D:3:      layout_rooms, lemuel_doored_altar,
          shapermc_ecumenical_altar_mp_urbaneastern, serial_shops,
          nicolae_shop_bloodbath_and_beyond
D:4:      layout_rooms, mainiacjoe_overflow_large_starburst,
          minmay_misc_feat_iff, uniq_robin
D:5:      layout_basic, temple_statues, st_stairs_4

Skill      XL: |  1  2  3  4  5 |
---------------+----------------+-----
Axes           | 3 4 5 6 |  6.4
Fighting       | |  3.3
Armour         | |  2.7
Shields        | |  2.7

Action                   |  1- 3 |  4- 6 || total
-------------------------+-------+-------++-------
Melee: War axe           |    76 |   147 ||   223
       Tailslap          |     6 |    16 ||    22
Throw: Javelin           |       |     2 ||     2
 Abil: Rolling Charge    |       |    14 ||    14
  Use: Potion            |     3 |     1 ||     4
       Scroll            |       |     2 ||     2
Armor: Plate armour      |    63 |   121 ||   184
       Scale mail        |     3 |       ||     3
Dodge: Dodged            |     2 |     3 ||     5
Block: Tower shield      |    56 |   100 ||   156
       Buckler           |     2 |       ||     2

Table legend: (Time is in decaauts)
 A = Elapsed time spent in this place.
 B = Non-inter-level travel time spent in this place.
 C = Inter-level travel time spent in this place.
 D = Time resting spent in this place.
 E = Time spent auto-exploring this place.
 F = Levels seen in this place.
 G = Mean time per level.
                   A        B        C        D        E       F      G
               +--------+--------+--------+--------+--------+-----+--------+
         Total |   4909 |   4621 |    288 |   1648 |   1942 |   5 |  981.8 |
       Dungeon |   4909 |   4621 |    288 |   1648 |   1942 |   5 |  981.8 |
               +--------+--------+--------+--------+--------+-----+--------+

Top non-repeatable levels by time:
     D:2: 1727 daAuts
     D:1: 1231 daAuts
     D:4: 1013 daAuts
     D:3: 667 daAuts
     D:5: 270 daAuts
